 Dungeon Crawl Stone Soup version 0.20.1-1-g8b1a95d (webtiles) character file.

53 renl the Skirmisher (level 3, -10/29 HPs)
             Began as a Demonspawn Fighter on July 19, 2017.
             Killed by divine providence
             ... invoked by an orc priest
              (12 damage)
             ... on level 2 of the Dungeon.
             The game lasted 00:03:14 (956 turns).

renl the Skirmisher (Demonspawn Fighter)             Turns: 956, Time: 00:03:14

Health: -10/29     AC:  6    Str: 17    XL:     3   Next: 64%
Magic:  3/3        EV:  7    Int:  9    God:
Gold:   75         SH:  9    Dex: 15    Spells: 2/2 levels left

rFire    . . .     SeeInvis .   a - +0 long sword
rCold    + . .     Gourm    .   c - +0 shield
rNeg     . . .     Faith    .   b - +0 scale mail
rPois    .         Spirit   .   (no helmet)
rElec    .         Reflect  .   (no cloak)
rCorr    .         Harm     .   (no gloves)
MR       .....                  (no boots)
Stlth    +.........             (no amulet)
Regen    0.1/turn               r - +3 ring of dexterity
MPRegen  0.1/turn               (no ring)

@: no status effects
A: cold resistance 1, nightstalker 1
a: no special abilities


You were on level 2 of the Dungeon.
You were hungry.

You visited 1 branch of the dungeon, and saw 2 of its levels.

You collected 75 gold pieces.

Inventory:

Hand Weapons
 a - a +0 long sword (weapon)
Armour
 b - a +0 scale mail (worn)
 c - a +0 shield (worn)
Jewellery
 r - a +3 ring of dexterity (left hand)
Scrolls
 e - a scroll of fear {unknown}
 k - 2 scrolls of identify {unknown}
 l - 2 scrolls of random uselessness {unknown}
 n - a scroll of magic mapping {unknown}
 p - a scroll of remove curse {unknown}
 s - a scroll of enchant armour {unknown}
Potions
 d - a potion of might
 h - a potion of mutation {unknown}
 i - 2 potions of lignification {unknown}
 m - 3 potions of degeneration {unknown}
 o - 2 potions of flight {unknown}
 q - a potion of curing {unknown}
Comestibles
 f - a bread ration
 j - a meat ration


   Skills:
 + Level 3.4 Fighting
 + Level 2.5 Long Blades
 + Level 2.9 Armour
 + Level 0.3 Dodging
 + Level 3.1 Shields


You had 2 spell levels left.
You didn't know any spells.

Dungeon Overview and Level Annotations

Branches:
Dungeon (2/15)

Altars:


Innate Abilities, Weirdness & Mutations

Your flesh is cold resistant. (rC+)
You are slightly more attuned to the shadows.


Message History

You are too injured to fight recklessly!
You are too injured to fight recklessly!
You are too injured to fight recklessly!
You are too injured to fight recklessly!
You are too injured to fight recklessly!
You are too injured to fight recklessly!
You are too injured to fight recklessly!
You are too injured to fight recklessly!
You are too injured to fight recklessly!
You are too injured to fight recklessly!
You are too injured to fight recklessly!
You are too injured to fight recklessly!
The orc priest mumbles some strange prayers to Beogh against you.
Pain shoots through your body!
* * * LOW HITPOINT WARNING * * *
You are feeling hungry.
The orc priest begins to cast a cantrip, but forgets the words!
The orc priest mumbles some strange prayers to Beogh against you.
Beogh smites you!
You die...

### #.# ##### ###########.# #....
#...........# #.### #.#########.#
#.# #.#....#
#.#################.#
#.#..#.####.o..o@.............##
#....)....o.################...#
####.##.........##### #...#
....................# #...##
####.##o............# #.....
#..................### #.....
##...####.............######.....
................#.........##.....
.......#........+....)...........


You could see an orc priest and 2 orcs.

Vanquished Creatures
  A worm (D:2)
  2 dart slugs (D:1)
  7 bats
  4 giant cockroaches
  4 hobgoblins
  4 jackals (D:1)
  5 kobolds
  A quokka (D:2)
  A ball python (D:1)
  2 frilled lizards
  5 goblins (D:1)
  7 rats
43 creatures vanquished.

Notes
Turn   | Place    | Note
-------+----------+-------------------------------------------
     0 | D:1      | renl the Demonspawn Fighter began the quest for the Orb.
     0 | D:1      | Reached XP level 1. HP: 18/18 MP: 1/1
    65 | D:1      | Gained mutation: You are slightly more attuned to the shadows. [demonic ancestry]
    65 | D:1      | Reached XP level 2. HP: 17/24 MP: 2/2
   284 | D:1      | Gained mutation: Your flesh is cold resistant. (rC+) [demonic ancestry]
   284 | D:1      | Reached XP level 3. HP: 18/29 MP: 3/3
   943 | D:2      | HP: 1/29 [orc priest/nerve-wracking pain (13)]
   956 | D:2      | Killed from afar by an orc priest

Skill      XL: |  1  2 |
---------------+-------+-----
Shields        | 3 |  3.1
Long Blades    | 2 |  2.5
Fighting       | |  3.4
Armour         | |  2.9
Dodging        | |  0.3

Action                   || total
-------------------------++-------
Melee: Long sword        ||   129
Armor: Scale mail        ||    64
Dodge: Dodged            ||    37
Block: Shield            ||    89
       Rpst.: Long sword ||    12
